 Dungeon Crawl Stone Soup version 0.23-a0-417-gf02c810438 (webtiles) character file.

191 Napalmbreeze the Conjurer (level 5, -1/38 HPs)
             Began as a Draconian Conjurer on Nov 11, 2018.
             Killed by divine providence
             ... invoked by an orc priest
              (13 damage)
             ... on level 3 of the Dungeon.
             The game lasted 00:10:07 (3733 turns).

Napalmbreeze the Conjurer (Draconian Conjurer)      Turns: 3733, Time: 00:10:07

Health: -1/38      AC:  5    Str: 10    XL:     5   Next: 42%
Magic:  2/10       EV: 13    Int: 17    God:
Gold:   135        SH:  0    Dex: 11    Spells: 5/11 levels left

rFire    . . .     SeeInvis .   h - +1 mace (protect)
rCold    + . .     Gourm    .   (no shield)
rNeg     . . .     Faith    .   (armour unavailable)
rPois    +         Spirit   .   (helmet restricted)
rElec    .         Reflect  .   (no cloak)
rCorr    .         Harm     .   (no gloves)
MR       .....                  (no boots)
Stlth    ++........             (no amulet)
HPRegen  0.12/turn              a - ring of poison resistance
MPRegen  0.12/turn              i - ring of protection from cold

@: no status effects
A: unfitting armour, cold-blooded, AC +5
a: no special abilities


You were on level 3 of the Dungeon.
You were not hungry.

You visited 1 branch of the dungeon, and saw 4 of its levels.

You collected 135 gold pieces.

Inventory:

Hand Weapons
 h - a +1 mace of protection (weapon)
Magical Staves
 m - an uncursed staff of energy
Jewellery
 a - a ring of poison resistance (left hand)
 i - a ring of protection from cold (right hand)
Scrolls
 d - a scroll of remove curse
 e - 2 scrolls of teleportation {unknown}
 j - 2 scrolls of identify
 k - 2 scrolls of immolation {unknown}
 l - a scroll of amnesia {unknown}
 q - a scroll of enchant weapon {unknown}
Potions
 c - a potion of curing {unknown}
 f - a potion of agility {unknown}
 g - a potion of haste {unknown}
 n - 2 potions of resistance {unknown}
 o - a potion of might {unknown}
Comestibles
 b - 10 rations
 p - a chunk of flesh


   Skills:
 + Level 2.9 Dodging
 - Level 1.7 Stealth
 + Level 3.5 Spellcasting
 * Level 5.2 Conjurations


You had 5 spell levels left.
You knew the following spells:

 Your Spells              Type           Power        Failure   Level  Hunger
a - Magic Dart            Conj           ###.         1%          1    None
d - Dazzling Spray        Conj/Hex       ##....       17%         3    ###....
s - Searing Ray           Conj           ###...       3%          2    ##.....

Your spell library contained the following spells:

 Spells                   Type           Power        Failure   Level  Hunger
 Iskenderun's Mystic Bla  Conj           ###.....     19%         4    ####...
 Force Lance              Conj/Tloc      ##......     50%         4    ####...
 Fulminant Prism          Conj/Hex       ##........   50%         4    ####...


Dungeon Overview and Level Annotations

Branches:
Dungeon (4/15)
 Temple: D:4-7

Altars:
Gozag
Kikubaaqudgha
Ru
Yredelemnul
The Shining One


Innate Abilities, Weirdness & Mutations

Your plain brown scales are hard. (AC +5)
You cannot fit into any form of body armour.
You are cold-blooded and may be slowed by cold attacks.


Message History

The orc priest looks encouraged for a moment.
The hound bites you but does no damage.
Casting: Searing Ray (safe; 3% risk of failure)
Confirm with . or Enter, or press ? or * to list all spells.
Aiming: Searing Ray (safe; 3% risk of failure)
Press: ? - help, Shift-Dir - straight line, f/p - phantom
Aim: a phantom (heavily damaged)
The searing ray hits the hound.
The hound is moderately wounded. (Press . to maintain the ray.)
The hound misses you.
The orc priest mumbles some strange prayers to Beogh against you.
Beogh smites you!
* * * LOW HITPOINT WARNING * * *
The hound barely misses you.
The searing ray hits the hound.
The hound is heavily wounded.
The orc priest mumbles some strange prayers to Beogh against you.
Beogh smites you!
You die...

###.# #)# #.#>.#.####
....# #.# #.#..#.# #####
#.#####.#..#.# .<..###
#....##.#..#.# #.....#
####.##.#S.#.# #.###.#
#.##.#W.#(# #.#.#.#
#....#..#(#
....#.###############..#.#
#.#.#...........@hoWSo.#(#
#.#.##################.#(#
#.#.# #..........#.# #.#.#
#.##########.# #.#.# #.#
#######)# #.#.# #.#
#......)# #.#.# #.#
#.####### #.#.#########.#
#.#...# ..#...........#
#.....#


You could see a phantom, a hound, an orc priest, an orc and a ball python.

Vanquished Creatures
  A hound (D:3)
  An orc wizard (D:3)
  Terence (D:1)
  2 adders
  An ooze (D:3)
  2 worms (D:2)
  2 dart slugs (D:2)
  A leopard gecko (D:2)
  2 orcs (D:3)
  7 bats
  2 bat zombies (D:2)
  A giant cockroach (D:2)
  9 goblins
  7 hobgoblins
  11 jackals
  A ball python (D:2)
  A ball python skeleton (D:2)
  7 frilled lizards
  6 kobolds
  A quokka zombie (D:3)
  6 rats
  2 rat zombies (D:2)
74 creatures vanquished.

Notes
Turn   | Place    | Note
-------+----------+-------------------------------------------
     0 | D:1      | Napalmbreeze the Draconian Conjurer began the quest for the
                  | Orb.
     0 | D:1      | Reached XP level 1. HP: 14/14 MP: 3/3
   550 | D:1      | Reached XP level 2. HP: 17/20 MP: 0/5
   668 | D:1      | Found a glowing golden altar of the Shining One.
   829 | D:1      | Learned a level 2 spell: Searing Ray
  1316 | D:2      | Noticed Terence
  1581 | D:1      | Killed Terence
  1581 | D:1      | Reached XP level 3. HP: 18/26 MP: 2/7
  1699 | D:2      | Found an ancient bone altar of Kikubaaqudgha.
  1734 | D:2      | Learned a level 3 spell: Dazzling Spray
  1856 | D:2      | Reached XP level 4. HP: 19/33 MP: 0/8
  2525 | D:3      | Noticed a bullfrog
  2666 | D:3      | Found an opulent altar of Gozag.
  2668 | D:3      | Found a sacrificial altar of Ru.
  2671 | D:3      | Found a basalt altar of Yredelemnul.
  2824 | D:3      | Reached skill level 5 in Conjurations
  2824 | D:3      | Reached XP level 5. HP: 14/38 MP: 0/10
  3642 | D:4      | Noticed a phantom
  3733 | D:3      | Killed from afar by an orc priest

Vault maps used:
D:1:      dpeg_arrival_rhombus, tso_metal_star
D:2:      lemuel_zombie_altar_kikubaaqudgha, uniq_terence
D:3:      gammafunk_temple_overflow_forgotten, dk_vineyard_2,
          lightli_corner_chamber
D:4:      lemuel_crystal_altar, gammafunk_temple_overflow_statue, first_ration

Skill      XL: |  1  2  3  4 |
---------------+-------------+-----
Dodging        | 2 |  2.9
Spellcasting   | 3 |  3.5
Conjurations   | 5 |  5.2
Stealth        | |  1.7

Action                   |  1- 3 |  4- 6 || total
-------------------------+-------+-------++-------
Melee: Unarmed           |    32 |       ||    32
       Tailslap          |     3 |     7 ||    10
       Mace              |    25 |    37 ||    62
 Cast: Magic Dart        |    49 |    17 ||    66
       Searing Ray       |    10 |    11 ||    21
       Dazzling Spray    |       |     2 ||     2
  Use: Scroll            |       |     2 ||     2
 Stab: Sleeping          |       |     1 ||     1
  Eat: Chunk             |     4 |     7 ||    11
Armor: Skin              |    34 |    25 ||    59
Dodge: Dodged            |    77 |    63 ||   140

Table legend:
 A = Non-vault XP
 B = Vault XP
 C = Vault XP percentage of total XP
 D = Non-vault monster count
 E = Vault monster count
 F = Vault count percentage of total count
                 A         B        C        D         E       F
            +---------+---------+-------+---------+---------+-------
      Total |     232 |      42 |  15.3 |      69 |       5 |   6.8
            +---------+---------+-------+---------+---------+-------
        D:1 |      26 |      36 |  58.1 |      16 |       1 |   5.9
        D:2 |      59 |       6 |   9.2 |      23 |       4 |  14.8
        D:3 |     147 |       0 |   0.0 |      30 |       0 |   0.0
            +---------+---------+-------+---------+---------+-------
